 Dungeon Crawl Stone Soup version 0.31-a0-188-g5e087ee2ca (webtiles) character file.

Game seed: 3483358159093952325

450 qw the Skirmisher (level 6, -1/35 HPs)
             Began as a Deep Elf Hunter on June 23, 2023.
             Slain by a kobold brigand
             ... wielding a +0 dagger
              (6 damage)
             ... in a sewer.
             The game lasted 00:01:24 (3866 turns).

qw the Skirmisher (Deep Elf Hunter)                 Turns: 3866, Time: 00:01:25

Health: -1/35      AC:  6    Str: 10    XL:     6   Next: 74%
Magic:  8/8        EV: 11    Int: 14    God:
Gold:   123        SH:  0    Dex: 18    Spells: 5/5 levels left

rFire   . . .        Y - +1 shortbow
rCold   . . .        (shield currently unavailable)
rNeg    . . .        m - +1 ring mail
rPois   .            (no helmet)
rElec   .            (no cloak)
rCorr   +            (no gloves)
SInv    .            (no boots)
Will    .....        (no amulet)
Stlth   +            d - ring of resist corrosion
HPRegen 0.25/turn    (no ring)
MPRegen 0.11/turn

%: no passive effects
@: no status effects
A: no striking features
a: no special abilities


You were in a sewer.
You visited 1 branch of the dungeon, and saw 4 of its levels.
You also visited: Sewer.

You collected 123 gold pieces.


   Skills:
 - Level 2.2 Fighting
 + Level 10.2 Ranged Weapons
 - Level 3.0 Dodging
 - Level 1.2 Stealth


You had 5 spell levels left.
You didn't know any spells.
Your spell library was empty.

Inventory:

Hand Weapons
 Y - a +1 shortbow (weapon)
Armour
 m - a +1 ring mail (worn)
Jewellery
 d - a ring of resist corrosion (left hand)
 i - a ring of fire
 p - a ring of resist corrosion
Wands
 j - a wand of digging (13)
Potions
 a - a potion of magic {unknown}
 b - a potion of ambrosia {unknown}
 c - a potion of invisibility {unknown}
 e - 2 potions of haste {unknown}
 g - a potion of attraction {unknown}
 h - 2 potions of might
 l - a potion of brilliance {unknown}

Dungeon Overview and Level Annotations

Branches:
Dungeon (4/15)              Sewer (1/1)
 Temple: D:4-7

Altars:
Gozag

Shops:
D:2 (


Message History

The kobold brigand hits you but does no damage.
You shoot an arrow.
The arrow hits the kobold brigand but does no damage.
The kobold brigand is heavily wounded.
You feel sick. The kobold brigand misses you.
The kobold brigand hits you but does no damage.
The kobold hits you but does no damage.
You shoot an arrow. The arrow hits the kobold brigand.
The kobold brigand is severely wounded.
You feel sick.
The kobold brigand hits you with a +0 dagger.
The kobold brigand barely misses you. The kobold barely misses you.
You shoot an arrow. The arrow hits the kobold brigand.
The kobold brigand is severely wounded.
You feel sick.
You are no longer poisoned.
The kobold hits you but does no damage.
The kobold brigand hits you with a +0 dagger.
The kobold brigand hits you but does no damage.
You shoot an arrow.
The arrow closely misses the kobold brigand.
The kobold hits you with a +0 club.
The kobold brigand hits you with a +0 dagger.
The kobold brigand hits you but does no damage.
You shoot an arrow. The arrow hits the kobold brigand.
The kobold brigand is severely wounded.
The kobold misses you.
The kobold brigand hits you with a +0 dagger.
The kobold brigand barely misses you.
You shoot an arrow.
The arrow hits the kobold brigand but does no damage.
The kobold brigand is severely wounded.
The kobold hits you but does no damage. The kobold brigand barely misses you.
The kobold brigand closely misses you.
You shoot an arrow. The arrow hits the kobold brigand.
The kobold brigand is severely wounded.
The kobold barely misses you.
The kobold brigand hits you but does no damage.
The kobold brigand hits you with a +0 dagger.
You die...

~~ ~~~~ ~~~ ~~~ ~~~
##############~#######~
#....#~~~.~~~~~~~P..P~~
#.\..K~~....~~~~~~...~P
#....K@~~...P~~.......~
#...?#K................
#### ##................
#................
###..............
#####..........
###.####..# ### ####


You could see 2 kobold brigands and a kobold.

Vanquished Creatures
  A kobold brigand (Sewer)
  A scorpion (D:4)
  Ijyb (D:3)
  An iguana (D:4)
  Natasha (twice) (D:4)
  2 orc wizards (D:3)
  5 adders
  A gnoll (D:1)
  4 dart slugs (D:2)
  5 worms
  2 orcs (D:3)
  8 ball pythons
  8 bats
  4 endoplasms
  5 giant cockroaches
  5 goblins
  2 hobgoblins
  9 jackals
  13 kobolds
  3 quokkas
  5 frilled lizards
  10 rats
97 creatures vanquished.

Notes
Turn   | Place    | Note
-------+----------+-------------------------------------------
     0 | D:1      | qw the Deep Elf Hunter began the quest for the Orb.
     0 | D:1      | Reached XP level 1. HP: 12/12 MP: 3/3
     0 | D:1      | 0 ||| qw: Version: 0.3-a-9-g12657ce
     0 | D:1      | 0 ||| qw: Game counter: 4304
     0 | D:1      | 0 ||| qw: Always use a shield: true
     0 | D:1      | 0 ||| qw: God list: Okawaru
     0 | D:1      | 0 ||| qw: Allow faded altars: false
     0 | D:1      | 0 ||| qw: Do Orc after D:15 true
     0 | D:1      | 0 ||| qw: Do second Lair branch before Depths: true
     0 | D:1      | 0 ||| qw: Lair rune preference: random
     0 | D:1      | 0 ||| qw: Plans: Normal
     0 | D:1      | 0 ||| PLANNING D:1-11
   242 | D:1      | Reached skill level 6 in Ranged Weapons
   242 | D:1      | Reached XP level 2. HP: 13/16 MP: 4/4
   610 | D:1      | Reached XP level 3. HP: 20/20 MP: 5/5
   891 | D:1      | Found a faded altar of an unknown god.
  1196 | D:1      | 1196 ||| READING 2 scrolls labelled TILEOS KULUC.
  1197 | D:1      | 1197 ||| READING 2 scrolls labelled WOS TIBLIARPH.
  1198 | D:1      | 1198 ||| READING scroll labelled MASTRE YLLOTZIA.
  1199 | D:1      | 1199 ||| DROPPING scroll of blinking.
  1200 | D:1      | 1200 ||| DROPPING scroll of butterflies.
  1258 | D:2      | Found Vueptegu's Weapon Shop.
  1288 | D:2      | Found an opulent altar of Gozag.
  1315 | D:2      | Reached skill level 7 in Ranged Weapons
  1457 | D:2      | 1457 ||| FLEEEEING.
  1532 | D:2      | Reached XP level 4. HP: 25/25 MP: 6/6
  1740 | D:2      | Reached skill level 8 in Ranged Weapons
  2079 | D:2      | 2079 ||| UPGRADING to ring of resist corrosion.
  2080 | D:2      | 2080 ||| READING 2 scrolls labelled KOSMIS TITU.
  2081 | D:2      | 2081 ||| DRINKING 2 bubbling amethyst potions.
  2082 | D:2      | 2082 ||| DROPPING scroll of immolation.
  2283 | D:3      | Noticed Ijyb
  2305 | D:3      | HP: 3/25 [Ijyb/+0 club (4)]
  2307 | D:3      | Killed Ijyb
  2308 | D:3      | Reached XP level 5. HP: 4/29 MP: 7/7
  2483 | D:3      | 2483 ||| FLEEEEING.
  2500 | D:3      | Reached skill level 9 in Ranged Weapons
  3151 | D:3      | 3151 ||| UPGRADING to +0 scale mail.
  3161 | D:3      | 3161 ||| DROPPING +0 leather armour.
  3162 | D:3      | 3162 ||| UPGRADING to +0 ring mail.
  3172 | D:3      | 3172 ||| DROPPING +0 scale mail.
  3173 | D:3      | 3173 ||| READING scroll of enchant armour.
  3173 | D:3      | 3173 ||| ENCHANTING +0 ring mail.
  3174 | D:3      | 3174 ||| READING scroll labelled TUJISYXUWA.
  3175 | D:3      | 3175 ||| READING scroll labelled GUQOLUHOUGG.
  3176 | D:3      | 3176 ||| READING scroll labelled ZISKETO VEMAIV.
  3177 | D:3      | 3177 ||| READING scroll labelled KAHURHIKUX.
  3276 | D:4      | 3276 ||| PLANNING SEWER
  3474 | D:4      | Noticed Natasha
  3476 | D:4      | 3476 ||| Stepping ~*~*~tactically~*~*~ (outnumbered).
  3488 | D:4      | Killed Natasha
  3489 | D:4      | Reached XP level 6. HP: 15/35 MP: 8/8
  3496 | D:4      | Noticed Natasha
  3499 | D:4      | Killed Natasha
  3599 | D:4      | Found a glowing drain.
  3609 | D:4      | 3609 ||| Stepping ~*~*~tactically~*~*~ (water).
  3648 | Sewer    | Entered a sewer
  3690 | Sewer    | HP: 7/35 [kobold/+0 whip (3)]
  3691 | Sewer    | Reached skill level 10 in Ranged Weapons
  3844 | Sewer    | Reached skill level 3 in Dodging
  3863 | Sewer    | HP: 8/35 [kobold/+0 club (4)]
  3866 | Sewer    | Slain by a kobold brigand

Levels and vault maps discovered:
D:1:      dpeg_arrival_prison, layout_basic, serial_curves, eino_curves_04,
          eino_curves_03, eino_curves_02,
          shapermc_ecumenical_altar_mp_ritualfount
D:2:      layout_loops_ring, basic_altar, serial_shops, shop, nicolae_wormholes
D:3:      layout_basic, uniq_ijyb
D:4:      layout_loops_cross, mainiacjoe_overflow_chevrons,
          minmay_temple_entry_enclosed_plants, cheibrodos_sewer_entry_sluice,
          uniq_natasha
Sewer:    kennysheep_pipe_town

Skill      XL: |  1  2  3  4  5  6 |
---------------+-------------------+-----
Ranged Weapons | 6 7 8 9 10 | 10.2
Fighting       | 2 |  2.2
Dodging        | 3 |  3.0
Stealth        | |  1.2

Action                     |  1- 3 |  4- 6 || total
---------------------------+-------+-------++-------
   Fire: Shortbow          |   112 |   230 ||   342
    Use: Scroll            |     3 |     6 ||     9
         Potion            |       |     1 ||     1
 Armour: Leather armour    |     6 |    23 ||    29
         Ring mail         |       |    22 ||    22
  Dodge: Dodged            |    32 |    88 ||   120

Table legend:
 A = Non-vault XP
 B = Vault XP
 C = Vault XP percentage of total XP
 D = Non-vault monster count
 E = Vault monster count
 F = Vault count percentage of total count
                 A         B        C        D         E       F
            +---------+---------+-------+---------+---------+-------
      Total |     439 |     204 |  31.7 |      79 |      18 |  18.6
            +---------+---------+-------+---------+---------+-------
        D:1 |      52 |       4 |   7.1 |      26 |       3 |  10.3
        D:2 |      96 |       9 |   8.6 |      27 |       2 |   6.9
        D:3 |     109 |      40 |  26.8 |      18 |       1 |   5.3
        D:4 |     182 |      42 |  18.8 |       8 |       4 |  33.3
      Sewer |       0 |     109 | 100.0 |       0 |       8 | 100.0
            +---------+---------+-------+---------+---------+-------
